AoeStats
← thomg42

Arabia

509623894Analyzed
1v1 RM · 5d ago on Sep 27, 2026· 74m 0s· 2 players
Game mode
Random Map
Map size
Tiny (2 player)
Population
200
Speed
Normal
Resources
Standard
Victory
Conquest
Starting age
Dark Age
Ending age
Imperial Age
RankedLock teamsTeams togetherTeam positionsShared explorationLock speedFull tech treeHidden civsTurbo modeCheats
Victory
Defeat
🇫🇷 Persians · France
911
+16
🇦🇷 Sicilians · Argentina
909
-45
Brunardo
7:50 Loom
13:07 Feudal Age
14:25 Horse Collar
22:04 Wheelbarrow
21:17 Town Watch
21:20 Double-Bit Axe
thomg42
9:22 Feudal Age
11:01 Double-Bit Axe
11:00 Horse Collar
12:19 Gold Mining
12:34 Man-at-Arms
12:59 Arson
19:37 Loom
19:37 Town Watch
20:04 Fletching
20:14 Padded Archer Armor
21:11 Padded Archer Armor
21:22 Forging
22:47 Scale Mail Armor
27:07 Castle Age
27:26 Crossbowman
28:12 Thumb Ring
33:31 Imperial Age
34:52 Leather Archer Armor
34:32 Bodkin Arrow
35:13 Iron Casting
38:28 Kamandaran
37:49 Elite War Elephant
38:52 Conscription
39:28 Spies/Treason
47:14 Town Patrol
47:50 Wheelbarrow
50:25 Masonry
50:37 Ballistics
51:18 Chemistry
51:37 Architecture
59:42 Stone Mining
59:18 Elite Skirmisher
59:18 Heavy Cavalry Archer
60:24 Parthian Tactics
59:23 Light Cavalry
59:24 Cavalier
59:24 Heavy Camel Rider
60:05 Husbandry
60:15 Bloodlines
60:25 Hand Cart
61:15 Blast Furnace
60:30 Chain Mail Armor
60:46 Ring Archer Armor
60:21 Scale Barding Armor
60:09 Heated Shot
60:25 Siphons
60:11 Guard Tower
60:32 Clinker Construction
60:32 Careening
60:02 Long Swordsman
60:02 Pikeman
60:43 Squires
60:28 Gambesons
60:57 Bow Saw
60:51 Heavy Plow
60:15 Elite War Elephant
61:31 Hoardings
60:26 Sappers
61:23 Hussar
61:24 Savar
63:08 Murder Holes
63:34 Carvel Hull
63:25 Incendiaries
63:25 Caravan
63:55 Coinage
63:36 Guilds
63:30 Devotion
64:05 Theocracy
63:26 Herbal Medicine
63:45 Fervor
64:14 Plate Mail Armor
64:52 Block Printing
66:59 Banking
66:56 Faith
66:00 Halberdier
67:05 Dry Dock
67:47 Two-Man Saw
67:20 Crop Rotation
67:30 Gold Shaft Mining
67:30 Stone Shaft Mining
71:22 Chain Barding Armor
Connection lost

Rejoining the realm…

Still unreachable

The connection could not be restored.

Session expired

The server has moved on; the page needs a fresh start.